 Dungeon Crawl Stone Soup version 0.31-a0-261-g072fdb8a1f (webtiles) character file.

Game seed: 13014111009863439013

214 qw the Shooter (level 5, -1/32 HPs)
             Began as a Gargoyle Hexslinger on July 13, 2023.
             Slain by an orc
             ... wielding a +0 mace
              (6 damage)
             ... on level 4 of the Dungeon.
             The game lasted 00:01:16 (2567 turns).

qw the Shooter (Gargoyle Hexslinger)                Turns: 2567, Time: 00:01:16

Health: -1/32      AC: 15    Str:  9 (10) XL:     5   Next: 91%
Magic:  6/6        EV: 11    Int: 18      God:
Gold:   164        SH:  0    Dex: 11 (13) Spells: 5/6 levels left

rFire   . . .        Y - +1 sling (freeze)
rCold   + . .        (no shield)
rNeg    + . .        s - +2 leather armour {rC+}
rPois   inf          (no helmet)
rElec   +            k - +0 cloak
rCorr   +            (no gloves)
SInv    .            b - +0 pair of boots
Will    .....        (no amulet)
Stlth   +            e - +4 ring of protection
HPRegen 0.25/turn    q - ring of resist corrosion
MPRegen 0.10/turn

%: no passive effects
@: no status effects
A: sickness immunity, AC +4, negative energy resistance 1, electricity
resistance, torment resistance 1, petrification resistance, clever 1,
deterioration 1
a: no special abilities


You were on level 4 of the Dungeon.
You visited 1 branch of the dungeon, and saw 4 of its levels.
You also visited: Sewer.

You collected 164 gold pieces.


Innate Abilities, Weirdness & Mutations

You are immune to sickness and miasma.
Your stone body is resilient. (AC +4)
You are immune to poison.
You resist negative energy. (rN+)
You are resistant to electric shocks. (rElec)
You are resistant to unholy torment.
You are immune to petrification.
Your mind is acute. (Int +4, Str/Dex -1)
Your body sometimes deteriorates upon taking damage.


   Skills:
 - Level 3.0 Fighting
 + Level 5.1 Ranged Weapons
 - Level 1.0 Armour
 - Level 1.5 Dodging
 - Level 1.0 Spellcasting
 - Level 2.6 Hexes


You had 5 spell levels left.
You knew the following spells:

 Your Spells              Type           Power      Damage    Failure   Level
a - Slow                  Hex            40%        N/A       9%          1

Your spell library contained the following spells:

 Spells                   Type           Power      Damage    Failure   Level
 Inner Flame              Hex/Fire       5%         N/A       43%         3
 Portal Projectile        Hex/Tloc       10%        N/A       43%         3
 Cause Fear               Hex            5%         N/A       65%         4

Inventory:

Hand Weapons
 Y - a +1 sling of freezing (weapon)
Armour
 b - a +0 pair of boots (worn)
 k - a +0 cloak (worn)
 s - a +2 leather armour of cold resistance (worn)
Jewellery
 e - a +4 ring of protection (left hand)
 q - a ring of resist corrosion (right hand)
Scrolls
 c - a scroll of identify
Potions
 a - a potion of lignification {unknown}
 d - a potion of heal wounds {unknown}
 f - a potion of ambrosia {unknown}
 h - a potion of might
 i - a potion of curing
 j - a potion of berserk rage {unknown}
 l - a potion of mutation
 m - a potion of haste {unknown}
 o - a potion of invisibility {unknown}
 p - a potion of resistance {unknown}
 r - a potion of degeneration {unknown}

Dungeon Overview and Level Annotations

Branches:
Dungeon (4/15)              Sewer (visited)
 Temple: D:4-7

Altars:
Cheibriados
Vehumet


Message History

The orc wizard hits you with a +0 dagger.
You shoot a sling bullet.
The sling bullet hits the orc wizard but does no damage.
The orc wizard is lightly wounded.
The orc priest hits you with a +0 falchion.
Your body deteriorates!
You feel clumsy. The orc barely misses you.
The orc wizard hits you but does no damage.
You shoot a sling bullet. The sling bullet hits the orc wizard.
The sling bullet freezes the orc wizard.
The orc wizard is moderately wounded.
The orc priest begins to cast a cantrip, but forgets the words!
The orc wizard points at you and mumbles some strange words.
The puff of flame hits you!
Your body deteriorates!
You feel clumsy. The orc hits you but does no damage.
The orc barely misses you.
You shoot a sling bullet.
The sling bullet closely misses the orc wizard.
The orc priest barely misses you.
The orc wizard hits you with a +0 dagger.
The orc barely misses you. x2
You shoot a sling bullet.
The sling bullet closely misses the orc wizard.
The orc priest calls upon Beogh to heal the orc wizard.
The orc wizard's wounds heal themselves!
The orc wizard closely misses you. The orc barely misses you.
The orc closely misses you.
You shoot a sling bullet.
The sling bullet barely misses the orc wizard.
The orc priest hits you with a +0 falchion.
The orc wizard barely misses you. The orc closely misses you.
The orc hits you but does no damage. The orc priest barely misses you.
The orc barely misses you.
The orc wizard hits you but does no damage.
The orc closely misses you.
You shoot a sling bullet.
The sling bullet barely misses the orc wizard.
The orc priest looks braver for a moment.
The orc hits you with a +0 mace.
You die...

###.#..##.....
##.#.........
##..........#.
#.....%.......
##..#....#...#
####........#
#........#
#.........
##@o.##...
#.ooo## ..
##.....
##).....
#.......#
#........
##..<....
#......


You could see an orc priest, an orc wizard and 2 orcs.

Vanquished Creatures
  A hound (D:2)
  A hell rat (Sewer)
  2 adders (D:2)
  6 river rats
  A worm (D:2)
  3 dart slugs
  7 orcs
  3 bats
  8 endoplasms
  2 giant cockroaches (D:2)
  5 goblins
  4 hobgoblins
  3 jackals (D:2)
  3 quokkas
  6 ball pythons
  A frilled lizard (D:1)
  6 kobolds
  11 rats
  A spectral hobgoblin (D:2)
74 creatures vanquished.

Notes
Turn   | Place    | Note
-------+----------+-------------------------------------------
     0 | D:1      | qw the Gargoyle Hexslinger began the quest for the Orb.
     0 | D:1      | Reached XP level 1. HP: 12/12 MP: 2/2
     0 | D:1      | 0 ||| qw: Version: 0.3-a-52-g30416fa
     0 | D:1      | 0 ||| qw: Game counter: 6978
     0 | D:1      | 0 ||| qw: Melee chars always use a shield: true
     0 | D:1      | 0 ||| qw: God list: Okawaru
     0 | D:1      | 0 ||| qw: Allow faded altars: false
     0 | D:1      | 0 ||| qw: Do Orc after clearing Dungeon:15 true
     0 | D:1      | 0 ||| qw: Do second Lair branch before Depths: true
     0 | D:1      | 0 ||| qw: Lair rune preference: random
     0 | D:1      | 0 ||| qw: Goals: Normal
     0 | D:1      | 0 ||| PLANNING D:1-11
    74 | D:1      | Reached XP level 2. HP: 16/16 MP: 3/3
   219 | D:1      | Reached skill level 3 in Ranged Weapons
   277 | D:1      | HP: 4/16 [goblin/+0 club (3)]
   393 | D:1      | Reached XP level 3. HP: 21/21 MP: 4/4
   646 | D:1      | 646 ||| UPGRADING to +0 ring mail.
   656 | D:1      | 656 ||| DROPPING +0 robe.
   657 | D:1      | 657 ||| UPGRADING to +4 ring of protection.
   658 | D:1      | 658 ||| READING scroll labelled QENWIN RAEGRAE.
   659 | D:1      | 659 ||| DROPPING scroll of poison.
   845 | D:2      | Reached skill level 4 in Ranged Weapons
   845 | D:2      | Reached XP level 4. HP: 26/26 MP: 5/5
   972 | D:2      | Reached skill level 1 in Armour
  1124 | D:2      | 1124 ||| Stepping ~*~*~tactically~*~*~ (water).
  1134 | D:2      | Found a faded altar of an unknown god.
  1451 | D:2      | 1451 ||| UPGRADING to +0 pair of boots.
  1456 | D:2      | 1456 ||| UPGRADING to +0 cloak.
  1461 | D:2      | 1461 ||| READING scroll labelled MEUL ORRECEVUD.
  1498 | D:3      | 1498 ||| PLANNING SEWER
  1610 | D:3      | Found a radiant altar of Vehumet.
  1631 | D:3      | Found a glowing drain.
  1632 | D:3      | 1632 ||| DRINKING 2 coppery potions.
  1642 | D:3      | Reached XP level 5. HP: 27/30 MP: 6/6
  1657 | Sewer    | Entered a sewer
  1690 | Sewer    | Reached skill level 5 in Ranged Weapons
  1839 | Sewer    | 1839 ||| READING scroll labelled APHIUR RUGGANNABAU.
  1840 | Sewer    | 1840 ||| READING scroll labelled HURGHO GAOMO.
  1841 | Sewer    | 1841 ||| DRINKING 2 purple potions.
  1842 | Sewer    | 1842 ||| DRINKING 2 brown potions.
  1842 | Sewer    | Gained mutation: Your body sometimes deteriorates upon
                  | taking damage. [potion of mutation]
  1842 | Sewer    | Gained mutation: Your mind is acute. (Int +4, Str/Dex -1)
                  | [potion of mutation]
  1854 | D:3      | 1854 ||| PLANNING D:1-11
  2009 | D:3      | Found a snail-covered altar of Cheibriados.
  2109 | D:3      | Reached skill level 3 in Fighting
  2471 | D:3      | 2471 ||| UPGRADING to +2 leather armour of cold resistance.
  2481 | D:3      | 2481 ||| DROPPING +0 ring mail.
  2482 | D:3      | 2482 ||| DROPPING ring of flight.
  2483 | D:3      | 2483 ||| UPGRADING to ring of resist corrosion.
  2566 | D:4      | HP: 5/32 [orc priest/+0 falchion (5)]
  2567 | D:4      | Slain by an orc

Levels and vault maps discovered:
D:1:      dpeg_arrival_rooms_c, layout_basic, minmay_misc_feat_pillars
D:2:      layout_basic, dreamdust_ecumenical_altar_drowned_temple,
          kennysheep_generic_room_11
D:3:      layout_basic, mainiacjoe_overflow_concentric_impassable,
          kennysheep_slug_shrine, portal_sewer_entry_a, minmay_hedge_maze
D:4:      layout_cave_pools, lemuel_coloured_pillars_altar,
          mainiacjoe_overflow_tiny_flanked, okawaru_trees_2,
          minmay_misc_feat_alley

Skill      XL: |  1  2  3  4  5 |
---------------+----------------+-----
Ranged Weapons | 3 4 5 |  5.1
Fighting       | 2 3 |  3.0
Armour         | 1 |  1.0
Dodging        | |  1.5
Spellcasting   | |  1.0
Hexes          | |  2.6

Action                     |  1- 3 |  4- 6 || total
---------------------------+-------+-------++-------
   Fire: Sling             |   123 |   179 ||   302
    Use: Scroll            |     1 |     3 ||     4
         Potion            |       |     3 ||     3
 Armour: Robe              |     7 |       ||     7
         Ring mail         |    22 |    59 ||    81
         Leather armour    |       |     7 ||     7
  Dodge: Dodged            |    47 |    84 ||   131

Table legend:
 A = Non-vault XP
 B = Vault XP
 C = Vault XP percentage of total XP
 D = Non-vault monster count
 E = Vault monster count
 F = Vault count percentage of total count
                 A         B        C        D         E       F
            +---------+---------+-------+---------+---------+-------
      Total |     169 |     137 |  44.8 |      59 |      15 |  20.3
            +---------+---------+-------+---------+---------+-------
        D:1 |      40 |       0 |   0.0 |      25 |       0 |   0.0
        D:2 |      90 |      15 |  14.3 |      17 |       2 |  10.5
        D:3 |      30 |      33 |  52.4 |      14 |       5 |  26.3
        D:4 |       9 |       0 |   0.0 |       3 |       0 |   0.0
      Sewer |       0 |      89 | 100.0 |       0 |       8 | 100.0
            +---------+---------+-------+---------+---------+-------
